 Dungeon Crawl Stone Soup version 0.26-a0-835-g8259106e14 (webtiles) character file.

Game seed: 16525786316986539266

13024 snetch the Protected (level 11, -16/101 HPs)
             Began as a Minotaur Berserker on Nov 17, 2020.
             Was a High Priest of Trog.
             Demolished by a crystal guardian (19 damage)
             ... on level 11 of the Dungeon on Nov 18, 2020.
             The game lasted 00:52:07 (13116 turns).

snetch the Protected (Minotaur Berserker)          Turns: 13116, Time: 00:52:08

Health: -16/101    AC: 20    Str: 24    XL:     11   Next: 70%
Magic:  10/10      EV:  9    Int:  3    God:    Trog [*****.]
Gold:   701        SH:  4    Dex: 11    Spells: 10/10 levels left

rFire    + . .     SeeInvis .   a - +12 dagger of Lourif {flame, MR+}
rCold    . . .     Faith    .   y - +0 buckler
rNeg     + . .     Spirit   .   W - +0 plate armour
rPois    +         Reflect  .   (helmet restricted)
rElec    .         Harm     .   z - +2 ratskin cloak {*Rats rPois rN+ Str-1 Int-1 Dex+1}
rCorr    .         Rampage  .   Y - +0 pair of gloves
MR       +++..                  (no boots)
Stlth    ..........             (no amulet)
HPRegen  1.26/turn              B - ring of stealth
MPRegen  0.12/turn              A - ring of protection from fire

@: berserk cooldown, regenerating, slowed, very slow
A: retaliatory headbutt, horns 2
a: Berserk, Trog's Hand, Brothers in Arms, Renounce Religion


You were on level 11 of the Dungeon.
You worshipped Trog.
Trog was extremely pleased with you.
You visited 2 branches of the dungeon, and saw 12 of its levels.
You also visited: Ossuary.

You collected 701 gold pieces.

Inventory:

Hand Weapons
 a - the +12 dagger of Lourif (weapon) {flame, MR+}
   (You found it on level 6 of the Dungeon)

   It has been specially enchanted to burn those struck by it, causing extra
   injury to most foes and up to half again as much damage against particularly
   susceptible opponents.
   It affects your resistance to hostile enchantments.
 b - a +4 dire flail of venom
 l - a +3 battleaxe
 Q - a +0 trident
 T - a +0 war axe
Missiles
 f - 5 javelins
 g - 11 poisoned darts (quivered)
 h - 503 stones
 k - 9 boomerangs
 o - 369 arrows
 x - 93 bolts
 H - 4 silver boomerangs
 N - 33 sling bullets
 S - 3 throwing nets
Armour
 q - a scarf of shadows
 y - a +0 buckler (worn)
 z - the +2 ratskin cloak (worn) {*Rats rPois rN+ Str-1 Int-1 Dex+1}
   (You found it on level 7 of the Dungeon)

   It affects your strength (-1).
   It affects your intelligence (-1).
   It affects your dexterity (+1).
   It protects you from poison.
   It protects you from negative energy.
 W - a +0 plate armour (worn)
 Y - a +0 pair of gloves (worn)
Jewellery
 A - a ring of protection from fire (right hand)
 B - a ring of stealth (left hand)
 L - an uncursed ring of poison resistance
Wands
 w - a wand of polymorph (6)
 C - a wand of enslavement (10)
 D - a wand of flame (19)
 F - a wand of digging (4)
 G - a wand of iceblast (16)
Scrolls
 d - 3 scrolls of fear
 j - 8 scrolls of teleportation
 m - 4 scrolls of enchant armour {unknown}
 s - a scroll of vulnerability
 t - 3 scrolls of remove curse
 u - 2 scrolls of enchant weapon
 I - 5 scrolls of immolation {unknown}
 O - a scroll of magic mapping {unknown}
 V - a scroll of fog
 X - a scroll of blinking
Potions
 c - a potion of haste
 e - 4 potions of curing
 i - 6 potions of heal wounds
 n - 2 potions of resistance
 p - 2 potions of mutation
 r - 4 potions of flight
 v - 4 potions of lignification {unknown}
 E - a potion of attraction
 J - 4 potions of degeneration {unknown}
 K - 3 potions of ambrosia {unknown}
 M - a potion of cancellation {unknown}


   Skills:
 + Level 10.5 Fighting
 + Level 7.8 Short Blades
 + Level 7.6(10.0) Axes
 + Level 10.2(11.1) Maces & Flails
 + Level 2.4 Throwing
 + Level 11.0 Armour
 + Level 5.7 Dodging
 + Level 2.6 Stealth
 + Level 3.2 Shields
 + Level 1.2 Evocations


You had 10 spell levels left.
You didn't know any spells.
Your spell library contained the following spells:

 Spells                   Type           Power        Failure   Level
 Animate Skeleton         Necr           #.....       100%        1
 Pain                     Necr           #...         100%        1
 Shock                    Conj/Air       #...         100%        1
 Swiftness                Air            #.......     100%        2
 Static Discharge         Conj/Air       #.......     100%        3
 Vampiric Draining        Necr           #.........   100%        3
 Airstrike                Air            #.........   100%        4
 Animate Dead             Necr           #.........   100%        4
 Agony                    Necr           #.......     100%        5
 Lightning Bolt           Conj/Air       #.........   100%        5


Dungeon Overview and Level Annotations

Branches:
Dungeon (11/15)            Temple (1/1) D:7            Lair (0/6) D:9
    Orc (0/2) D:9         Ossuary (visited)

Altars:
Ashenzari
Cheibriados
Dithmenos
Elyvilon
Fedhas
Gozag
Hepliaklqana
Kikubaaqudgha
Makhleb
Nemelex Xobeh
Okawaru
Qazlal
Ru
Sif Muna
Trog
Uskayaw
Vehumet
Wu Jian
Xom
Yredelemnul
Zin
The Shining One

Shops:
D:8 [

Annotations:
D:4 deep water path


Innate Abilities, Weirdness & Mutations

You reflexively headbutt those who attack you in melee.
You have a pair of horns on your head.


Message History

The crystal guardian is severely damaged.
The crystal guardian hits you but does no damage.
Unknown command.
Your hell rat bites the crystal guardian but does no damage.
The crystal guardian fires a crystalline bolt at your hell rat.
The crystal bolt freezes your hell rat!!
Your hell rat dies!
The crystal bolt freezes the crystal guardian.
The crystal guardian completely resists.
You hit the crystal guardian but do no damage.
You headbutt the crystal guardian, but do no damage.
The crystal guardian is severely damaged.
The crystal guardian hits you!!
* * * LOW HITPOINT WARNING * * *
Unknown command.
You puncture the crystal guardian!
You headbutt the crystal guardian, but do no damage.
The crystal guardian is almost destroyed.
The crystal guardian hits you!!
You die...

..........)#####
...............
###################
###..#. ..#... .....
....$. ....# .##.. ....
...# #.. ######
###########.
##....###....##.##..
##..@...#.....##.##..
#...8#.)...#.........
#...#...#################
#..###..# # ## #..## #
#.. # ##. # .. # .. #


You could see a crystal guardian.

Vanquished Creatures
  Harold (D:7)
  A hydra (D:11)
  2 dancing weapons (D:8)
  A death knight (D:11)
  2 two-headed ogres
  A manticore (D:11)
  A gargoyle (D:11)
  A troll (D:9)
  A slime creature (D:9)
  A wraith (D:10)
  A wyvern (D:10)
  3 yaks (D:10)
  Edmund (D:4)
  A warg (D:9)
  An acid dragon (D:11)
  Duvessa (D:6)
  5 orc warriors
  An ice beast (D:7)
  3 sky beasts
  3 black bears
  3 phantoms
  3 ogres
  8 centaurs
  2 big kobolds (D:7)
  6 bullfrogs
  4 elf skeletons (D:8)
  3 water moccasin zombies (Ossuary)
  A wyvern skeleton (D:10)
  Dowan (D:6)
  8 killer bees
  9 wights
  2 centaur zombies
  8 jellies
  2 quasits
  2 hounds
  3 orc priests
  2 bullfrog skeletons
  A centaur skeleton (D:4)
  2 iguanas
  3 orc wizards
  A hell rat (D:7)
  4 worker ants
  2 big kobold zombies (Ossuary)
  2 mummies (Ossuary)
  2 worker ant zombies
  7 gnolls
  10 adders
  6 river rats (D:7)
  A shadow imp (D:8)
  2 white imps (D:8)
  2 ufetubi
  13 oozes (D:9)
  9 adder zombies
  3 adder skeletons
  3 dart slugs
  9 leopard geckos
  22 orcs
  2 ball pythons
  9 bats
  6 giant cockroaches
  2 gnoll zombies (Ossuary)
  10 hobgoblins
  8 jackals
  8 quokkas
  13 frilled lizards
  4 goblins
  5 hobgoblin zombies (Ossuary)
  15 kobolds
  4 kobold zombies (Ossuary)
  2 orc skeletons (D:8)
  4 orc zombies (Ossuary)
  A quokka skeleton (D:8)
  23 rats
319 creatures vanquished.

Vanquished Creatures (collateral kills)
  An ugly thing (D:11)
  A cyclops (D:11)
2 creatures vanquished.

Vanquished Creatures (others)
  9 fungi (D:9)
  A plant (D:9)
10 creatures vanquished.

Grand Total: 331 creatures vanquished

Notes
Turn   | Place    | Note
-------+----------+-------------------------------------------
     0 | D:1      | snetch the Minotaur Berserker began the quest for the Orb.
     0 | D:1      | Reached XP level 1. HP: 19/19 MP: 0/0
   225 | D:1      | Reached XP level 2. HP: 27/27 MP: 1/1
   434 | D:1      | Reached ** piety under Trog
   682 | D:2      | Found a broken altar of Ashenzari.
   702 | D:3      | Reached XP level 3. HP: 32/33 MP: 2/2
   806 | D:2      | Found a faded altar of an unknown god.
   877 | D:2      | Found a blossoming altar of Fedhas.
   970 | D:2      | Reached skill level 3 in Armour
  1071 | D:3      | Found a glowing silver altar of Zin.
  1268 | D:2      | Reached XP level 4. HP: 41/41 MP: 3/3
  1833 | D:3      | Reached skill level 5 in Axes
  2194 | D:4      | Noticed Edmund
  2204 | D:4      | Killed Edmund
  2205 | D:4      | Reached skill level 5 in Fighting
  2205 | D:4      | Reached XP level 5. HP: 38/48 MP: 4/4
  2738 | D:4      | Reached *** piety under Trog
  2859 | D:3      | Reached XP level 6. HP: 56/56 MP: 5/5
  2884 | D:5      | Entered Level 5 of the Dungeon
  2900 | D:5      | Found a sacrificial altar of Ru.
  3138 | D:5      | Reached skill level 1 in Maces & Flails
  3617 | D:4      | Reached skill level 4 in Armour
  3617 | D:4      | Reached XP level 7. HP: 62/62 MP: 6/6
  4364 | D:4      | Got a crude scale mail
  4380 | D:4      | Identified the +0 scale mail of Past Mistakes {Dex+2} (You
                  | found it on level 4 of the Dungeon)
  4394 | D:4      | Found an ancient bone altar of Kikubaaqudgha.
  4504 | D:4      | You fall into a shaft and drop 1 floor!
  4566 | D:5      | Found a shimmering altar of Xom.
  5085 | D:7      | Reached skill level 1 in Shields
  5152 | D:8      | Found a hide-covered altar of Uskayaw.
  5153 | D:8      | Noticed a +0 hand axe
  5153 | D:8      | Noticed a +0 dagger
  5202 | D:8      | Found Ufuor's Antique Armour Shoppe.
  5320 | D:8      | Reached skill level 1 in Stealth
  5320 | D:8      | Reached XP level 8. HP: 56/71 MP: 7/7
  5577 | D:8      | Reached skill level 5 in Armour
  5600 | D:8      | Reached **** piety under Trog
  5608 | D:8      | Found a sand-covered staircase.
  5616 | D:8      | Reached skill level 5 in Maces & Flails
  5619 | Ossuary  | Entered an ossuary
  6281 | D:6      | Found an opulent altar of Gozag.
  6385 | D:6      | Noticed Dowan
  6386 | D:6      | Noticed Duvessa
  6397 | D:6      | Killed Dowan
  6402 | D:6      | Killed Duvessa
  6495 | D:7      | Reached skill level 6 in Armour
  6496 | D:7      | Reached XP level 9. HP: 52/80 MP: 8/8
  6511 | D:7      | Reached ***** piety under Trog
  7492 | D:6      | Got an ichor-stained dagger
  7852 | D:7      | Noticed Harold
  7870 | D:7      | Killed Harold
  7871 | D:7      | Reached skill level 7 in Armour
  7894 | D:7      | Identified the +12 dagger of Lourif {flame, MR+} (You found
                  | it on level 6 of the Dungeon)
  8276 | D:7      | Found a staircase to the Ecumenical Temple.
  8307 | Temple   | Entered the Ecumenical Temple
  8492 | D:7      | Found the +2 ratskin cloak {*Rats rPois rN+ Str-1 Int-1
                  | Dex+1}
  9348 | D:8      | Reached skill level 10 in Maces & Flails
  9520 | D:9      | Found a white marble altar of Elyvilon.
  9540 | D:9      | Reached XP level 10. HP: 86/90 MP: 9/9
  9549 | D:9      | Reached skill level 1 in Short Blades
  9549 | D:9      | Reached skill level 8 in Armour
  9559 | D:9      | Found a staircase to the Orcish Mines.
  9952 | D:10     | Entered Level 10 of the Dungeon
 10292 | D:9      | Found a staircase to the Lair.
 10298 | D:9      | Reached skill level 5 in Dodging
 10928 | D:10     | Found a blossoming altar of Fedhas.
 11036 | D:10     | Found a glowing golden altar of the Shining One.
 11134 | D:10     | Noticed a two-headed ogre
 11143 | D:10     | Killed a two-headed ogre
 11144 | D:10     | Reached skill level 9 in Armour
 11206 | D:10     | Reached skill level 5 in Short Blades
 11775 | D:8      | Killed a +0 dagger
 11776 | D:8      | Reached skill level 1 in Evocations
 11776 | D:8      | Reached XP level 11. HP: 92/99 MP: 10/10
 11783 | D:8      | Killed a +0 hand axe
 11996 | D:11     | Reached skill level 10 in Fighting
 11996 | D:11     | Reached skill level 10 in Armour
 12144 | D:11     | Noticed a two-headed ogre
 12154 | D:11     | Killed a two-headed ogre
 12337 | D:11     | Received a gift from Trog
 12373 | D:11     | Noticed a brown ugly thing
 12387 | D:11     | HP: 4/100 [acid (8)]
 12390 | D:11     | Killed a brown ugly thing
 12699 | D:11     | Noticed a six-headed hydra
 12712 | D:11     | Killed a six-headed hydra
 12713 | D:11     | Reached skill level 1 in Throwing
 13079 | D:11     | Noticed a death knight
 13099 | D:11     | Noticed a crystal guardian
 13101 | D:11     | Killed a death knight
 13102 | D:11     | Reached skill level 11 in Armour
 13115 | D:11     | HP: 2/101 [crystal guardian (25)]
 13116 | D:11     | Demolished by a crystal guardian

Illustrated notes

Levels and vault maps discovered:
D:1:      dpeg_arrival_tiny_a, layout_basic
D:2:      layout_basic, overflow_temple_1_default, lemuel_crystal_altar,
          chequers_ecumenical_altar_twisty
D:3:      layout_basic, old_standard_altar
D:4:      layout_rooms, lemuel_doored_altar, st_stairs_14,
          kennysheep_flooded_box, serial_bayou_lake_a, uniq_edmund
D:5:      layout_gridville, nicolae_ru_sacrificial_ziggurat,
          overflow_temple_1_default
D:6:      layout_gridville, grunt_gozag_statues, uniq_duvessa
D:7:      wander_guarded_unrand_ratskin, layout_loops_corners,
          minmay_temple_entry_proselytizer, uniq_harold
D:8:      layout_rooms, dancing_weapons_uskayaw, serial_shops,
          nicolae_shop_overgrown_old_shop, nicolae_ossuary_entry_catacombs,
          serial_co_window_serial, co_window_paths_a, co_window_cross_1,
          co_window_of_opportunity_a, co_window_of_opportunity_a,
          co_window_corner_a, co_window_corner_a, co_window_of_opportunity_a,
          co_window_unsneaky_path_e, co_window_unsneaky_path_b,
          co_window_cross_4, co_window_4corner_a, glass_columns_c,
          glass_columns_c, glass_columns_a
D:9:      lemuel_slime, layout_stronghold, old_standard_altar,
          grunt_lair_entry_orc_guard_hut, david_orc_3
D:10:     layout_basic, basic_altar, fedhas_altar_2
D:11:     minmay_tile_spiral, layout_irregular_city
Temple:   eino_temple_lava

Skill      XL: |  1  2  3  4  5  6  7  8  9 10 11 |
---------------+----------------------------------+-----
Fighting       | 4 5 6 7 8 9 10 | 10.5
Axes           | 4 5 6 7 |  7.6
Armour         | 3 4 6 7 9 11 | 11.0
Dodging        | 3 4 5 |  5.7
Maces & Flails | 2 4 7 10 | 10.2
Shields        | 1 2 3 |  3.2
Stealth        | 1 2 |  2.6
Short Blades   | 5 7 |  7.8
Evocations     | 1 |  1.2
Throwing       | 2 |  2.4

Action                   |  1- 3 |  4- 6 |  7- 9 | 10-12 || total
-------------------------+-------+-------+-------+-------++-------
Melee: Hand axe          |    73 |    59 |       |       ||   132
       Headbutt          |    12 |    14 |    60 |    69 ||   155
       Dire flail        |       |    28 |   227 |       ||   255
       War axe           |       |       |    36 |       ||    36
       Dagger            |       |       |    60 |   299 ||   359
Throw: Dart              |       |       |       |    21 ||    21
Invok: Berserk           |     1 |     2 |     2 |     1 ||     6
       Trog's Hand       |       |     1 |     1 |     2 ||     4
Evoke: Wand              |       |       |       |     5 ||     5
  Use: Scroll            |       |       |    13 |     5 ||    18
       Potion            |       |       |       |     1 ||     1
 Stab: Distracted        |       |       |       |     1 ||     1
Armor: Animal skin       |     1 |       |       |       ||     1
       Leather armour    |    16 |    18 |     3 |       ||    37
       Scale mail        |       |       |    82 |       ||    82
       Ring mail         |       |       |    16 |       ||    16
       Plate armour      |       |       |     4 |   140 ||   144
Dodge: Dodged            |    59 |    79 |   192 |   105 ||   435
Block: Tower shield      |       |       |    23 |       ||    23
       Buckler           |       |       |       |    32 ||    32

Table legend: (Time is in decaauts)
 A = Elapsed time spent in this place.
 B = Non-inter-level travel time spent in this place.
 C = Inter-level travel time spent in this place.
 D = Time resting spent in this place.
 E = Time spent auto-exploring this place.
 F = Levels seen in this place.
 G = Mean time per level.
                   A        B        C        D        E       F      G
               +--------+--------+--------+--------+--------+-----+--------+
         Total |  13182 |  12390 |    792 |    762 |   7713 |  13 | 1014.0 |
       Dungeon |  12764 |  11978 |    786 |    762 |   7458 |  11 | 1160.4 |
        Temple |     93 |     87 |      6 |      0 |     48 |   1 |   93.0 |
       Ossuary |    324 |    324 |      0 |      0 |    207 |   1 |  324.0 |
               +--------+--------+--------+--------+--------+-----+--------+

Top non-repeatable levels by time:
     D:7: 1751 daAuts
     D:2: 1409 daAuts
     D:6: 1323 daAuts
     D:8: 1318 daAuts
     D:5: 1243 daAuts
     D:9: 1213 daAuts
    D:11: 1198 daAuts
     D:3: 1052 daAuts
    D:10: 850 daAuts
     D:4: 822 daAuts
     D:1: 581 daAuts
 Ossuary: 324 daAuts
  Temple: 93 daAuts
